 Dungeon Crawl Stone Soup version 0.25-a0-258-g6d7e32a812 (webtiles) character file.

Game seed: 11677941610735339021, levelgen mode: classic

16 EnegeticOcto the Sneak (level 2, -2/22 HPs)
             Began as a Naga Fire Elementalist on Dec 6, 2019.
             Slain by a gnoll
             ... wielding a +0 spear
              (7 damage)
             ... on level 1 of the Dungeon.
             The game lasted 00:03:33 (787 turns).

EnegeticOcto the Sneak (Naga Fire Elementalist)      Turns: 787, Time: 00:03:34

Health: -2/22      AC:  1    Str: 10    XL:     2   Next: 58%
Magic:  1/5        EV: 10    Int: 15    God:
Gold:   46         SH:  0    Dex: 11    Spells: 4/5 levels left

rFire    . . .     SeeInvis +   c - +1 short sword
rCold    . . .     Gourm    .   (no shield)
rNeg     . . .     Faith    .   a - +0 robe
rPois    +         Spirit   .   (no helmet)
rElec    .         Reflect  .   (no cloak)
rCorr    .         Harm     .   (no gloves)
MR       .....                  (no barding)
Stlth    +++.......             (no amulet)
HPRegen  0.07/turn              (no ring)
MPRegen  0.09/turn              (no ring)

@: short of breath, very slightly contaminated, very slow
A: large, see invisible, deformed body, poison resistance, slowness 2, slow
metabolism 1, spit poison 1, AC +0
a: Spit Poison


You were on level 1 of the Dungeon.
You were not hungry.

You visited 1 branch of the dungeon, and saw 1 of its levels.

You collected 46 gold pieces.

Inventory:

Hand Weapons
 c - a +1 short sword (weapon)
Armour
 a - a +0 robe (worn)
 b - a cursed -2 robe
Comestibles
 d - a chunk of flesh
 e - 2 rations


   Skills:
 - Level 1.5 Dodging
 + Level 4.9 Stealth
 - Level 2.0 Spellcasting
 - Level 1.0 Conjurations
 - Level 3.0 Fire Magic


You had 4 spell levels left.
You knew the following spells:

 Your Spells              Type           Power        Failure   Level  Hunger
b - Foxfire               Conj/Fire      #...         10%         1    #......

Your spell library contained the following spells:

 Spells                   Type           Power        Failure   Level  Hunger
 Conjure Flame            Conj/Fire      #.......     28%         3    ###....
 Inner Flame              Hex/Fire       #.......     34%         3    ###....
 Sticky Flame             Conj/Fire      #.......     67%         4    #####..
 Fireball                 Conj/Fire      #.........   95%         5    ######.


Dungeon Overview and Level Annotations

Branches:
Dungeon (1/15)

Altars:


Innate Abilities, Weirdness & Mutations

You cannot wear boots.
Your serpentine skin is tough. (AC +0)
You have supernaturally acute eyesight. (SInv)
Armour fits poorly on your strangely shaped body.
Your system is resistant to poisons. (rPois)
You cover ground very slowly.
You have a slow metabolism.
You can spit poison.


Message History

The goblin is too close now for your liking.
Casting: Foxfire (safe; 10% risk of failure)
Confirm with . or Enter, or press ? or * to list all spells.
You conjure some foxfire!
The goblin closely misses you.
The foxfire hits the goblin.
The goblin is severely wounded.
The foxfire hits the goblin.
You kill the goblin!
Magic restored.
Things that are here:
a cursed -3 dagger; 11 stones; a goblin corpse You butcher the goblin corpse.
d - 2 chunks of flesh (gained 1)
Things that are here:
a cursed -3 dagger; 11 stones; a goblin skeleton
Things that are here:
a cursed -3 dagger; 11 stones; a goblin skeleton You see here a stone.
You see here a stone.
You see here a stone.
Some of the chunks of flesh in your inventory have rotted away.
e - 2 rations (gained 1)
A gnoll comes into view. It is wielding a +0 spear.
Casting: Foxfire (safe; 10% risk of failure)
Confirm with . or Enter, or press ? or * to list all spells.
You conjure some foxfire!
The gnoll shouts!
The foxfire hits the gnoll.
The gnoll is lightly wounded.
Press: ? - help, Shift-Dir - straight line, f - gnoll
Aim: a gnoll, wielding a +0 spear (lightly wounded)
The splash of poison hits the gnoll.
The gnoll is moderately wounded.
You feel slightly more hungry.
Casting: Foxfire (safe; 10% risk of failure)
Confirm with . or Enter, or press ? or * to list all spells.
You conjure some foxfire!
Casting: Foxfire (safe; 10% risk of failure)
Confirm with . or Enter, or press ? or * to list all spells.
Nothing appears to happen.
You have got your breath back.
The foxfire hits the gnoll.
The gnoll is moderately wounded.
Casting: Foxfire (safe; 10% risk of failure)
Confirm with . or Enter, or press ? or * to list all spells.
You miscast Foxfire.
You are very lightly contaminated with residual magic.
Your skin tingles.
The gnoll barely misses you.
Casting: Foxfire (safe; 10% risk of failure)
Confirm with . or Enter, or press ? or * to list all spells.
You miscast Foxfire.
The air around you burns with energy! The gnoll closely misses you.
Press: ? - help, Shift-Dir - straight line, f/p - gnoll
Aim: a gnoll, wielding a +0 spear (moderately wounded)
The splash of poison misses the gnoll.
You feel slightly more hungry.
The gnoll hits you from afar with a +0 spear.
You aren't carrying any potions.
As you read the scroll labeled FOITI QICLA, it crumbles to dust.
You feel aware of your surroundings.
It was a scroll of magic mapping.
The gnoll closely misses you.
As you read the scroll labeled NER NADGHEK, it crumbles to dust.
It is a scroll of enchant weapon.
Your +0 short sword glows red for a moment.
The gnoll hits you from afar with a +0 spear.
Casting: Foxfire (safe; 10% risk of failure)
Confirm with . or Enter, or press ? or * to list all spells.
You conjure some foxfire!
The gnoll hits you but does no damage.
Do you really want to walk into your foxfire? [Y]es or [N]o only, please.
Do you really want to walk into your foxfire?
You swap places.
The foxfire hits you.
The foxfire hits the gnoll.
The gnoll is heavily wounded.
The gnoll hits you from afar with a +0 spear.
You aren't carrying any potions.
Okay, then.
As you read the scroll labeled DISSASMOSIE, it crumbles to dust.
You feel strangely unstable.
It was a scroll of teleportation.
The gnoll hits you from afar with a +0 spear.
You have got your breath back.
Your surroundings seem slightly different.
Casting: Foxfire (safe; 10% risk of failure)
Confirm with . or Enter, or press ? or * to list all spells.
You miscast Foxfire.
You hear a sizzling sound.
Press: ? - help, Shift-Dir - straight line, f/p - gnoll
Aim: a gnoll, wielding a +0 spear (moderately wounded)
The splash of poison hits the gnoll.
The gnoll is heavily wounded.
You feel slightly more hungry.
The gnoll hits you from afar with a +0 spear.
You have got your breath back.
The gnoll hits you from afar with a +0 spear.
* * * LOW HITPOINT WARNING * * *
Press: ? - help, Shift-Dir - straight line, f/p - gnoll
Aim: a gnoll, wielding a +0 spear (moderately wounded)
The splash of poison hits the gnoll!
The gnoll is poisoned.
The gnoll is almost dead.
You feel slightly more hungry.
The gnoll hits you from afar with a +0 spear!
You die...

*,*#.#*,**,**,** *,* #รท
*,*#.#,***.##*,* *,* #.
****,*#g#.* *..#*,* *,* #.
,,,,,*#.#.#**#.##.* *,* #.
******#.##.#*#.#.**
*,##########. *
#g#*#.##..*###*,...........
* #.#
*#...###.##*#######)### *
#.# #........## #.# * #.#
#..g.@....########.# * #.#
##...##.............# *
#.###..........########)# *
#.......####...((....(..# *
#####...# ###.########## *
###.# #.# ************#.#
#.# ,,,,,,,,,,,,..#
#.#***********
************###
#..,,,,,,,,,,,


You could see a gnoll.

Vanquished Creatures
  3 bats (D:1)
  A giant cockroach (D:1)
  3 goblins (D:1)
  2 hobgoblins (D:1)
  A frilled lizard (D:1)
  3 kobolds (D:1)
  3 rats (D:1)
16 creatures vanquished.

Vanquished Creatures (others)
  34 foxfires (D:1)
34 creatures vanquished.

Grand Total: 50 creatures vanquished

Notes
Turn   | Place    | Note
-------+----------+-------------------------------------------
     0 | D:1      | EnegeticOcto the Naga Fire Elementalist began the quest for
                  | the Orb.
     0 | D:1      | Reached XP level 1. HP: 15/15 MP: 3/3
   296 | D:1      | Reached skill level 4 in Stealth
   296 | D:1      | Reached XP level 2. HP: 19/22 MP: 5/5
   787 | D:1      | Slain by a gnoll

Levels and vault maps discovered:
D:1:      tarquinn_simple_flora_water_e, layout_loops_ring, minmay_domino_2

Skill      XL: |  1 |
---------------+----+-----
Stealth        | 4 |  4.9
Dodging        | |  1.5
Spellcasting   | |  2.0
Conjurations   | |  1.0
Fire Magic     | |  3.0

Action                   || total
-------------------------++-------
Melee: Unarmed           ||     8
       Short sword       ||     5
 Cast: Foxfire           ||    23
 Abil: Spit Poison       ||     9
  Use: Scroll            ||     3
 Stab: Sleeping          ||     1
Armor: Robe              ||     5
Dodge: Dodged            ||    30

Table legend:
 A = Non-vault XP
 B = Vault XP
 C = Vault XP percentage of total XP
 D = Non-vault monster count
 E = Vault monster count
 F = Vault count percentage of total count
                 A         B        C        D         E       F
            +---------+---------+-------+---------+---------+-------
      Total |      20 |       4 |  16.7 |      14 |       2 |  12.5
            +---------+---------+-------+---------+---------+-------
        D:1 |      20 |       4 |  16.7 |      14 |       2 |  12.5
            +---------+---------+-------+---------+---------+-------
